 Dungeon Crawl Stone Soup version 0.19.5 (webtiles) character file.

95 joaoluisp the Skirmisher (level 4, -2/40 HPs)
             Began as a Minotaur Fighter on May 16, 2017.
             Slain by an adder (3 damage)
             ... on level 2 of the Dungeon.
             The game lasted 00:04:04 (792 turns).

joaoluisp the Skirmisher (Minotaur Fighter)          Turns: 792, Time: 00:04:05

Health: -2/40      AC:  7    Str: 22    XL:     4   Next: 39%
Magic:  3/3        EV:  8    Int:  5    God:
Gold:   56         SH:  9    Dex:  9    Spells: 0 memorised, 3 levels left

rFire  . . .     SeeInvis .     a - +0 flail
rCold  . . .     Gourm    .     b - +0 scale mail
rNeg   . . .     Faith    .     c - +0 shield
rPois  .         Spirit   .     (helmet restricted)
rElec  .         Reflect  .     (no cloak)
rCorr  .         Harm     .     (no gloves)
MR     .....                    (no boots)
Stlth  ..........               (no amulet)
                                (no ring)
                                (no ring)

@: no status effects
A: retaliatory headbutt, horns 2
a: no special abilities


You were on level 2 of the Dungeon.
You were not hungry.

You visited 1 branch of the dungeon, and saw 2 of its levels.

You collected 56 gold pieces.

Inventory:

Hand Weapons
 a - a +0 flail (weapon)
 d - a cursed -2 dagger
 l - a +0 hand axe
Missiles
 k - 81 stones (quivered)
Armour
 b - a +0 scale mail (worn)
 c - a +0 shield (worn)
 i - a cursed +0 plate armour
Scrolls
 n - a scroll of amnesia {unknown}
 o - a scroll of identify {unknown}
 p - a scroll of enchant weapon {unknown}
 q - a scroll of remove curse
Potions
 e - a potion of curing {unknown}
 m - a potion of heal wounds {unknown}
Comestibles
 f - 2 bread rations
 g - a meat ration
 j - 6 chunks of flesh


   Skills:
 + Level 4.3 Fighting
 + Level 3.7 Maces & Flails
 + Level 4.2 Armour
 + Level 0.9 Dodging
 + Level 0.1 Stealth
 + Level 4.3 Shields


You had 3 spell levels left.
You didn't know any spells.

Dungeon Overview and Level Annotations

Branches:
Dungeon (2/15)

Altars:
Makhleb

Annotations:
D:2 Natasha


Innate Abilities, Weirdness & Mutations

You reflexively headbutt those who attack you in melee.
You have a pair of horns on your head.


Message History

* * * LOW HITPOINT WARNING * * *
Your surroundings suddenly seem different.
Found a war axe.
An adder and a rat come into view.
The rat bites you.
* * * LOW HITPOINT WARNING * * *
You hit the rat.
You kill the rat!
You block the adder's attack. The adder bites you but does no damage.
You block the adder's attack.
You miss the adder. Your headbutt misses the adder.
You block the adder's attack. The adder closely misses you.
You closely miss the adder. The adder barely misses you.
You furiously retaliate!
You headbutt the adder. You closely miss the adder.
Your headbutt misses the adder.
The adder is moderately wounded.
The adder bites you.
* * * LOW HITPOINT WARNING * * *
The adder bites you.
You die...

# ##).....# #......#
#......# ###
#.)....#
..###......##
..##........##
.............#####
............##...##
...........##...@.#
.......###.#...†S..#
##.....# ###..)....+
#...### #.......#
#...## ##.....##
#..## ##...## #..#
#####


You could see an adder.

Vanquished Creatures
  Terence (D:2)
  Robin (D:2)
  2 worms (D:2)
  2 leopard geckos (D:1)
  2 giant cockroaches (D:1)
  16 goblins
  4 hobgoblins
  6 jackals (D:2)
  2 ball pythons (D:2)
  2 bats (D:1)
  A frilled lizard (D:1)
  5 kobolds (D:1)
  4 rats
48 creatures vanquished.

Notes
Turn   | Place    | Note
-------+----------+-------------------------------------------
     0 | D:1      | joaoluisp the Minotaur Fighter began the quest for the Orb.
     0 | D:1      | Reached XP level 1. HP: 19/19 MP: 0/0
    95 | D:1      | Reached XP level 2. HP: 24/27 MP: 1/1
   646 | D:2      | Found a burning altar of Makhleb.
   647 | D:2      | Reached XP level 3. HP: 25/33 MP: 2/2
   660 | D:2      | Noticed Robin
   682 | D:2      | Killed Robin
   748 | D:2      | Noticed Terence
   753 | D:2      | Noticed Natasha
   756 | D:2      | Killed Terence
   756 | D:2      | Reached XP level 4. HP: 16/40 MP: 3/3
   787 | D:2      | HP: 2/40 [rat (1)]
   792 | D:2      | HP: 1/40 [adder (2)]
   792 | D:2      | Slain by an adder

Skill      XL: |  1  2  3 |
---------------+----------+-----
Fighting       | 4 |  4.3
Armour         | 4 |  4.2
Shields        | 4 |  4.3
Maces & Flails | 3 |  3.7
Dodging        | |  0.9
Stealth        | |  0.1

Action                   |  1- 3 |  4- 6 || total
-------------------------+-------+-------++-------
Melee: Flail             |    64 |     4 ||    68
       Headbutt          |    15 |       ||    15
       Unarmed           |     1 |    18 ||    19
  Use: Scroll            |     2 |     1 ||     3
       Potion            |     1 |       ||     1
Armor: Scale mail        |    39 |     2 ||    41
       Skin              |     1 |    10 ||    11
Dodge: Dodged            |    31 |    56 ||    87
Block: Shield            |    59 |     3 ||    62
